 Dungeon Crawl Stone Soup version 0.18-a0-1435-gee79d65 (webtiles) character file.

39 M4edhros the Charlatan (level 3, -3/23 HPs)
             Began as an Octopode Artificer on Feb 28, 2016.
             Slain by a gnoll
             ... wielding a +0 spear
              (10 damage)
             ... on level 3 of the Dungeon.
             The game lasted 00:01:31 (1049 turns).

M4edhros the Charlatan (Octopode Artificer)         Turns: 1049, Time: 00:01:31

Health: -3/23      AC:  1    Str:  8 (10) XL:     3   Next: 45%
Magic:  5/5        EV: 12    Int: 14 (15) God:
Gold:   59         SH:  0    Dex: 11 (12) Spells: 0 memorised, 2 levels left

rFire  . . .     SeeInvis +       - Unarmed
rCold  . . .     Gourm    .     (no shield)
rNeg   . . .     Faith    .     (helmet restricted)
rPois  .         Spirit   .     (no amulet)
rElec  .         Dismiss  .     i - ring of see invisible
rCorr  .         Reflect  .     (no ring)
SustAt .         Harm     .     (no ring)
MR     .....                    (no ring)
Stlth  +++.......               (no ring)
                                (no ring)
                                (no ring)
                                (no ring)

@: about to teleport, flying, not resistant to hostile enchantments, fairly
stealthy
A: almost no armour, amphibious, 8 rings, constrict 8, camouflage 1, gelatinous
body 1
a: no special abilities


You were on level 3 of the Dungeon.
You were not hungry.

You visited 1 branch of the dungeon, and saw 3 of its levels.

You collected 59 gold pieces.

Inventory:

Hand Weapons
 g - a +0 hunting sling
Missiles
 h - 57 stones (quivered)
Jewellery
 i - a ring of see invisible (left tentacle)
Wands
 b - a wand of flame (15/48)
 c - a wand of enslavement (15/24)
 d - a wand of random effects (14/48)
Potions
 l - a potion of degeneration
Comestibles
 f - a bread ration


   Skills:
 - Level 1.0 Fighting
   Level 1.0 Short Blades
 - Level 2.0 Dodging
 - Level 1.3 Stealth
 + Level 3.0 Unarmed Combat
 - Level 3.2 Evocations


You had 2 spell levels left.
You didn't know any spells.

Dungeon Overview and Level Annotations

Branches:
Dungeon (3/15)

Altars:


Innate Abilities, Weirdness & Mutations

You cannot wear most types of armour.
You are amphibious.
You can wear up to eight rings at the same time.
You can use your tentacles to constrict eight enemies at once.
Your skin changes colour to match your surroundings (Stealth).
Your rubbery body absorbs attacks (AC +1).


Message History

The gnoll hits you from afar with a spear.
You see here a throwing net.
You bump into the rock wall.
You feel less invigorated.
You feel less confused.
The gnoll hits you from afar with a spear!
Ouch! That really hurt!
Drink which item? (? for menu, Esc to quit)
Okay, then.
Evoke which item? (* to show all) (? for menu, Esc to quit)
Okay, then.
Read which item? (? for menu, Esc to quit)
As you read the scroll labeled IMASCH GIHON, it crumbles to dust.
It is a scroll of identify.
Identify which item? (\ to view known items) (? for menu, Esc to quit)
k - a scroll of teleportation Read which item? (? for menu, Esc to quit)
As you read the scroll of teleportation, it crumbles to dust.
You feel strangely unstable. The gnoll hits you with a spear.
The gnoll hits you from afar with a spear!
You die...

#.#...# #.#.###
#.#.# #.#.# #.#.#
#.#(#############
#†#.##.(.gg.g....
#
#.#.##.##########
#.#####.#@##g#
#..........#.#
#######g####.#
#g.g.g.# ######.#
###


You could see 2 gnolls.

Vanquished Creatures
  An adder (D:3)
  An ooze (D:1)
  2 dart slugs (D:3)
  A giant gecko (D:3)
  4 bats
  A giant cockroach (D:3)
  2 hobgoblins
  2 giant newts
  3 goblins
  3 kobolds
  2 rats
22 creatures vanquished.

Notes
Turn   | Place    | Note
--------------------------------------------------------------
     0 | D:1      | M4edhros the Octopode Artificer began the quest for the Orb.
     0 | D:1      | Reached XP level 1. HP: 13/13 MP: 3/3
   124 | D:1      | Reached skill level 1 in Unarmed Combat
   135 | D:1      | Reached XP level 2. HP: 15/18 MP: 4/4
   587 | D:3      | Reached XP level 3. HP: 20/23 MP: 5/5
  1049 | D:3      | Slain by a gnoll

Vault maps used:
D:1:      lightli_arrival_flooded_house, due_unseen_surprise
D:2:      minitemple, first_bread, minivault_27

Skill      XL: |  1  2  3 |
---------------+----------+-----
Unarmed Combat | 1 2 3 |  3.0
Fighting       | |  1.0
Short Blades   | |  1.0
Dodging        | |  2.0
Stealth        | |  1.3
Evocations     | |  3.2

Action                   || total
-------------------------++-------
Melee: Unarmed           ||    50
Evoke: Wand              ||     1
  Use: Potion            ||     5
       Scroll            ||     2
 Stab: Sleeping          ||     6
